 Dungeon Crawl Stone Soup version 0.21-a0-476-gd103f4b (webtiles) character file.

2673 dvd the Geomancer (level 9, -1/67 HPs)
             Began as a Demigod Earth Elementalist on Nov 22, 2017.
             Slain by an unseen horror (7 damage)
             ... on level 7 of the Dungeon.
             The game lasted 00:24:19 (6141 turns).

dvd the Geomancer (Demigod Earth Elementalist)      Turns: 6141, Time: 00:24:20

Health: -1/67      AC:  7    Str: 15    XL:     9   Next: 15%
Magic:  11/21      EV: 13    Int: 21    God:
Gold:   338        SH:  0    Dex: 16    Spells: 7/20 levels left

rFire    + . .     SeeInvis .   M - +0 falchion (elec)
rCold    + . .     Gourm    .   (no shield)
rNeg     . . .     Faith    .   T - +3 leather armour {rC+}
rPois    +         Spirit   .   (no helmet)
rElec    .         Reflect  .   (no cloak)
rCorr    .         Harm     .   (no gloves)
MR       .....                  h - +0 pair of boots
Stlth    ++........             (no amulet)
HPRegen  0.21/turn              f - ring of protection from fire
MPRegen  0.17/turn              B - ring of poison resistance

@: no status effects
A: high mp 1
a: no special abilities


You were on level 7 of the Dungeon.
You were not hungry.

You visited 1 branch of the dungeon, and saw 7 of its levels.

You collected 338 gold pieces.

Inventory:

Hand Weapons
 p - a +0 whip
 q - a +0 spear
 t - a +0 hand axe
 z - a +0 mace
 C - a +0 war axe
 E - a +0 shortbow
 M - a +0 falchion of electrocution (weapon)
 P - a +5 blowgun
 Q - a +4 trident
Missiles
 b - 101 stones (quivered)
 D - 4 tomahawks
 K - 29 arrows
Armour
 h - a +0 pair of boots (worn)
 v - a +2 robe of magic resistance
 T - a +3 leather armour of cold resistance (worn)
Jewellery
 f - a ring of protection from fire (left hand)
 j - an uncursed ring of flight
 w - an uncursed ring of protection from fire
 B - a ring of poison resistance (right hand)
 O - an uncursed amulet of faith
 R - the ring "Kabb" {rElec Str+2 Dex+4 Slay+4, unknown}
   (You took it off an orc warrior on level 7 of the Dungeon)

   [ring of strength]

   It affects your strength (+2).
   It affects your dexterity (+4).
   It affects your accuracy and damage with ranged weapons and melee attacks
   (+4).
   It insulates you from electricity.
Wands
 k - a wand of iceblast (10)
 I - a wand of flame (27)
Scrolls
 a - a scroll of noise {unknown}
 c - a scroll of blinking {unknown}
 g - 4 scrolls of remove curse
 n - 2 scrolls of immolation {unknown}
 o - 8 scrolls of identify {unknown}
 x - a scroll of enchant weapon {unknown}
 y - a scroll of magic mapping
 A - a scroll of teleportation {unknown}
 J - a scroll of fear {unknown}
Potions
 i - 2 potions of might {unknown}
 l - a potion of degeneration {unknown}
 m - 4 potions of curing {unknown}
 r - a potion of agility {unknown}
 G - 3 potions of flight {unknown}
 H - a potion of haste {unknown}
 L - a potion of brilliance {unknown}
Books
 e - a book of Geomancy

   Spells                             Type                      Level
   a - Sandblast                      Earth                        1
   b - Passwall                       Transmutation/Earth          2
   c - Stone Arrow                    Conjuration/Earth            3
   d - Petrify                        Transmutation/Earth          4
   e - Lee's Rapid Deconstruction     Earth                        5
 S - Homola's Catalogue of the Mountains
   (You found it on level 7 of the Dungeon)

   Spells                             Type                      Level
   a - Petrify                        Transmutation/Earth          4
   b - Iron Shot                      Conjuration/Earth            6
Comestibles
 d - 4 bread rations
 s - 2 meat rations
 u - 5 fruits
 N - 9 chunks of flesh


   Skills:
 + Level 2.0 Fighting
   Level 2.0(2.3) Short Blades
 + Level 1.7(2.2) Long Blades
 + Level 3.3 Dodging
 + Level 3.3 Stealth
 + Level 6.0 Spellcasting
 + Level 2.2 Conjurations
 + Level 1.2 Transmutations
 * Level 8.1 Earth Magic


You had 7 spell levels left.
You knew the following spells:

 Your Spells              Type           Power        Failure   Level  Hunger
a - Sandblast             Erth           #####.       1%          1    None
b - Stone Arrow           Conj/Erth      ####..       4%          3    ##.....
c - Lee's Rapid Deconstr  Erth           #####.....   12%         5    #####..
d - Petrify               Tmut/Erth      ####....     17%         4    ####...


Dungeon Overview and Level Annotations

Branches:
Dungeon (7/15)             Temple (0/1) D:6


Innate Abilities, Weirdness & Mutations

You have an increased reservoir of magic. (+10% MP)


Message History

Okay, then.
Unknown command.
An adder comes into view.
Found a snail-covered altar of Cheibriados.
As you read the scroll labeled JUWKO DYCE, it crumbles to dust.
You feel aware of your surroundings.
You sensed 4 altars, and 2 shops/portals.
It was a scroll of magic mapping.
Something hits you but does no damage.
Unknown command.
Casting: Sandblast
Confirm with . or Enter, or press ? or * to list all spells.
Aiming: Sandblast
Press: ? - help, Shift-Dir - straight line
b - 101 stones Something hits you but does no damage.
Something hits you!
* * * LOW HITPOINT WARNING * * *
An orc warrior comes into view. It is wielding a trident.
Unknown command.
Something hits you!
You die...

,,,......#...##.#)#######,.#
**,...#.(......)..# ###.##
**,...######....########....#
,,,#.,,,.....#.#).†......#*,**
***,,**#.###.....###.###..#,,*
**,,**,,,,,##...##.[#..##..#,*
*,,**,,,,,,,##.##..#.#$.##...*
*,**,,,,,,,,,###..##.##..##..#
*,*,,,,,,,,,,,#?@##...##..#..#
*,*,,,,_,_,,,,#.##..}..##.#,.#
*,,,,,,,#....S.#..[.⌠|...#...#
*,*,,,,_o_....#.##.....##.#.,*
*,*,,,,,......#.,##...##,,#,,*
*,**,,,,.....*##,,##.##,,**,,*
*,,**,,,....#* **,,#.#,,**,,,*
,,,,**,,...#* **,.#=,**,,,,*
,,*,,***.##* **#,##*,,,,**


You could see an adder.

Vanquished Creatures
  A troll (D:7)
  Sigmund (D:3)
  A basilisk (D:6)
  A water moccasin (D:5)
  2 sky beasts (D:6)
  An orc warrior (D:7)
  A black bear (D:7)
  3 phantoms
  A centaur (D:6)
  2 ogres
  A bullfrog (D:5)
  4 scorpions
  2 howler monkeys
  2 crimson imps
  A bullfrog zombie (D:7)
  2 hounds
  2 orc wizards
  3 orc priests (D:4)
  2 bullfrog skeletons (D:7)
  Terence (D:3)
  Ijyb (D:3)
  Natasha (twice) (D:3)
  6 worker ants
  A worker ant zombie (D:7)
  4 gnolls (D:2)
  A howler monkey skeleton (D:4)
  9 adders
  2 oozes
  An adder skeleton (D:5)
  A dart slug (D:4)
  3 worms
  5 leopard geckos
  9 orcs
  2 ball pythons
  2 giant cockroaches (D:4)
  11 goblins
  7 hobgoblins
  7 jackals
  2 kobolds
  3 quokkas
  5 bats
  3 frilled lizards (D:2)
  A quokka skeleton (D:6)
  5 rats
127 creatures vanquished.

Notes
Turn   | Place    | Note
-------+----------+-------------------------------------------
     0 | D:1      | dvd the Demigod Earth Elementalist began the quest for the Orb.
     0 | D:1      | Reached XP level 1. HP: 14/14 MP: 5/5
   419 | D:2      | Reached skill level 3 in Earth Magic
   472 | D:2      | Reached XP level 2. HP: 20/20 MP: 7/7
   847 | D:2      | Reached XP level 3. HP: 26/26 MP: 8/8
   927 | D:2      | Learned a level 3 spell: Stone Arrow
  1255 | D:2      | Reached XP level 4. HP: 33/33 MP: 2/10
  1718 | D:3      | Noticed Sigmund
  1925 | D:3      | Found a faded altar of an unknown god.
  1957 | D:3      | Killed Sigmund
  1957 | D:3      | Reached skill level 1 in Short Blades
  1957 | D:3      | Reached skill level 4 in Earth Magic
  1957 | D:3      | Reached XP level 5. HP: 26/39 MP: 0/12
  2102 | D:3      | Noticed Ijyb
  2126 | D:3      | Killed Ijyb
  2167 | D:3      | Noticed Natasha
  2181 | D:3      | Killed Natasha
  2332 | D:3      | Found a sacrificial altar of Ru.
  2409 | D:3      | Noticed Natasha
  2414 | D:3      | Killed Natasha
  2414 | D:3      | Reached XP level 6. HP: 44/46 MP: 4/14
  2421 | D:3      | Learned a level 5 spell: Lee's Rapid Deconstruction
  2600 | D:3      | Noticed Terence
  2610 | D:3      | Killed Terence
  2788 | D:4      | Reached skill level 5 in Earth Magic
  3075 | D:4      | Reached skill level 1 in Conjurations
  3405 | D:4      | Reached XP level 7. HP: 51/51 MP: 9/16
  4038 | D:5      | Entered Level 5 of the Dungeon
  4043 | D:5      | Reached skill level 1 in Fighting
  4279 | D:5      | Found an opulent altar of Gozag.
  4724 | D:5      | Reached skill level 6 in Earth Magic
  4763 | D:5      | Learned a level 4 spell: Petrify
  4845 | D:5      | Found an opulent altar of Gozag.
  4977 | D:6      | Noticed a basilisk
  5046 | D:6      | Reached XP level 8. HP: 53/59 MP: 3/18
  5064 | D:6      | Reached skill level 5 in Spellcasting
  5269 | D:6      | Reached skill level 1 in Transmutations
  5269 | D:6      | Reached skill level 7 in Earth Magic
  5584 | D:6      | Found a sacrificial altar of Ru.
  5584 | D:6      | Found a radiant altar of Vehumet.
  5933 | D:6      | Found a staircase to the Ecumenical Temple.
  6019 | D:7      | Noticed a troll
  6033 | D:7      | Killed a troll
  6033 | D:7      | Reached skill level 8 in Earth Magic
  6033 | D:7      | Reached XP level 9. HP: 42/67 MP: 0/21
  6038 | D:7      | Reached skill level 1 in Long Blades
  6098 | D:7      | Got a coiled platinum ring
  6106 | D:7      | Identified Homola's Catalogue of the Mountains
  6138 | D:7      | Found a snail-covered altar of Cheibriados.
  6141 | D:7      | Slain by an unseen horror

Vault maps used:
D:1:      moated_graveyard_arrival
D:2:      first_bread
D:3:      chequers_ecumenical_altar_simple, nicolae_ru_awakened_eye,
          uniq_natasha, uniq_ijyb, uniq_sigmund, uniq_terence
D:4:      hangedman_decor_riveting
D:5:      kennysheep_mini_moat, grunt_gozag_statues
D:6:      cheibrodos_fzero, chequers_temple_overflow_statue_of_worship,
          temple_green
D:7:      minmay_the_grid_octo_2x2, nicolae_overflow_crystal_walls,
          serial_shops, nicolae_shop_stone, enter_bailey_3, uniq_menkaure

Skill      XL: |  1  2  3  4  5  6  7  8  9 |
---------------+----------------------------+-----
Earth Magic    | 3 4 5 6 8 |  8.1
Spellcasting   | 2 3 4 6 |  6.0
Stealth        | 2 3 |  3.3
Dodging        | 2 3 |  3.3
Short Blades   | 1 2 |  2.0
Conjurations   | 1 2 |  2.2
Fighting       | 1 2 |  2.0
Transmutations | 1 |  1.2
Long Blades    | 1 |  1.7

Action                   |  1- 3 |  4- 6 |  7- 9 || total
-------------------------+-------+-------+-------++-------
Melee: Short sword       |    21 |    59 |    78 ||   158
       Unarmed           |     1 |       |       ||     1
       Falchion          |       |       |    33 ||    33
 Cast: Sandblast         |    36 |    44 |    46 ||   126
       Stone Arrow       |       |    20 |    42 ||    62
       Lee's Rapid Decon |       |       |     7 ||     7
       Petrify           |       |       |     3 ||     3
Evoke: Wand              |       |       |     1 ||     1
  Use: Scroll            |       |       |     2 ||     2
       Potion            |       |       |     1 ||     1
 Stab: Sleeping          |     4 |       |     3 ||     7
  Eat: Chunk             |     1 |     9 |     9 ||    19
       Meat ration       |       |       |     1 ||     1
Armor: Robe              |     4 |    24 |    49 ||    77
       Leather armour    |       |       |     5 ||     5
Dodge: Dodged            |    18 |    60 |   118 ||   196
       Rpst.: Falchion   |       |       |    12 ||    12

Table legend:
 A = Spawn XP
 B = Non-spawn XP
 C = Spawn XP percentage of total XP
 D = Spawn monster count
 E = Non-spawn monster count
 F = Spawn count percentage of total count
 G = Total turns spent on level
                    A         B        C        D         E        F      G
               +---------+---------+-------+---------+---------+-------+---------
         Total |       0 |    3819 |   0.0 |       0 |     127 |   0.0 |  6141
               +---------+---------+-------+---------+---------+-------+---------
           D:1 |       0 |       9 |   0.0 |       0 |       5 |   0.0 |   614
           D:2 |       0 |     114 |   0.0 |       0 |      26 |   0.0 |  1111
           D:3 |       0 |     378 |   0.0 |       0 |      16 |   0.0 |   952
           D:4 |       0 |     472 |   0.0 |       0 |      24 |   0.0 |  1361
           D:5 |       0 |     838 |   0.0 |       0 |      25 |   0.0 |  1229
           D:6 |       0 |    1014 |   0.0 |       0 |      12 |   0.0 |   706
           D:7 |       0 |     994 |   0.0 |       0 |      19 |   0.0 |   168
               +---------+---------+-------+---------+---------+-------+---------
